TOP OF THE 1ST |
Athletic Club KC Reserves batting - Pitching for Bakersfield Nobles : RHP Nate Rogers
|
Pitching: RHP Nate Rogers
|
|
Batting: LHB Kenko Ueda
|
0-0: Called Strike 0-1: Ground out 4-3 (Groundball, 34D)
|
Batting: RHB Karl Stevens
|
0-0: Ball 1-0: Ball 2-0: Fly out, F7 (Flyball, 78M)
|
Batting: LHB Rafael García
|
0-0: Ball 1-0: Foul Ball, location: 2F 1-1: SINGLE (Groundball, 4M)
|
Batting: RHB Robert Hill
|
0-0: Ball 1-0: Swinging Strike 1-1: Foul Ball, location: 2F 1-2: Strikes out swinging
|
Top of the 1st over - 0 run(s), 1 hit(s), 0 error(s), 1 left on base; Athletic Club KC 0 - Bakersfield 0 |
BOTTOM OF THE 1ST |
Bakersfield Nobles batting - Pitching for Athletic Club KC Reserves : RHP Chip Scott
|
Pitching: RHP Chip Scott
|
|
Batting: RHB Miguel Márquez
|
0-0: Ball 1-0: Ground out 4-3 (Groundball, 4)
|
Batting: RHB Jorge Gonzáles
|
0-0: Called Strike 0-1: Fly out, F7 (Line Drive, 7S)
|
Batting: RHB Gil Jenkins
|
0-0: Swinging Strike 0-1: Ball 1-1: Ball 2-1: Foul Ball, location: 2F 2-2: Foul Ball, location: 2F 2-2: Strikes out swinging
|
Bottom of the 1st over - 0 run(s), 0 hit(s), 0 error(s), 0 left on base; Athletic Club KC 0 - Bakersfield 0 |
TOP OF THE 2ND |
Athletic Club KC Reserves batting - Pitching for Bakersfield Nobles : RHP Nate Rogers
|
Batting: RHB Adam Hennessey
|
0-0: Hit by Pitch
|
Batting: RHB Jason Dunn
|
0-0: Ball 1-0: Called Strike 1-1: Foul Ball, location: 2F 1-2: Foul Ball, location: 2F 1-2: Strikes out swinging
|
Batting: RHB Eddie O'Bryan
|
0-0: Ball 1-0: Called Strike 1-1: Ball 2-1: Swinging Strike 2-2: SINGLE (Groundball, 56) Adam Hennessey to second
|
Batting: RHB Justin Miles
|
0-0: Called Strike Adam Hennessey steals 3rd base Eddie O'Bryan to second 0-1: Foul Ball, location: 2F 0-2: Ball 1-2: Foul Ball, location: 2F 1-2: Strikes out looking
|
Batting: RHB Allen Murphy
|
0-0: Ball 1-0: Ball 2-0: Foul Ball, location: 2F 2-1: Ground out 5-3 (Groundball, 56S)
|
Top of the 2nd over - 0 run(s), 1 hit(s), 0 error(s), 2 left on base; Athletic Club KC 0 - Bakersfield 0 |
BOTTOM OF THE 2ND |
Bakersfield Nobles batting - Pitching for Athletic Club KC Reserves : RHP Chip Scott
|
Batting: RHB Tamasaburo Kato
|
0-0: SINGLE (Line Drive, 78M)
|
Batting: LHB Emery Miller
|
0-0: Ball 1-0: Called Strike 1-1: Fly out, F8 (Line Drive, 8RM)
|
Batting: LHB Bartolo Benítez
|
0-0: Called Strike 0-1: Foul Ball, location: 2F 0-2: SINGLE (Groundball, 4MD) Tamasaburo Kato to second
|
Batting: RHB Juan Alba
|
0-0: Called Strike 0-1: Foul Ball, location: 2F 0-2: Grounds into double play, 1-6-3 (Groundball, 25)
|
Bottom of the 2nd over - 0 run(s), 2 hit(s), 0 error(s), 1 left on base; Athletic Club KC 0 - Bakersfield 0 |
TOP OF THE 3RD |
Athletic Club KC Reserves batting - Pitching for Bakersfield Nobles : RHP Nate Rogers
|
Batting: LHB Kenko Ueda
|
0-0: Ground out 4-3 (Groundball, 4)
|
Batting: RHB Karl Stevens
|
0-0: Called Strike 0-1: Ball 1-1: Called Strike 1-2: Foul Ball, location: 2F 1-2: Foul Ball, location: 2F 1-2: Foul Ball, location: 2F 1-2: Fly out, F3 (Popup, 23)
|
Batting: LHB Rafael García
|
0-0: Ball 1-0: Ball 2-0: Called Strike 2-1: Ball 3-1: Base on Balls
|
Batting: RHB Robert Hill
|
0-0: Ball 1-0: Fly out, F8 (Flyball, 8LS)
|
Top of the 3rd over - 0 run(s), 0 hit(s), 0 error(s), 1 left on base; Athletic Club KC 0 - Bakersfield 0 |
BOTTOM OF THE 3RD |
Bakersfield Nobles batting - Pitching for Athletic Club KC Reserves : RHP Chip Scott
|
Batting: RHB Lawrence Olsen
|
0-0: Ball 1-0: Foul Ball, location: 2F 1-1: Foul Ball, location: 2F 1-2: Ball 2-2: Ball 3-2: Foul Ball, location: 2F 3-2: SINGLE (Groundball, 5S)
|
Batting: RHB Ron Gérard
|
0-0: Ground out 5-3 (Groundball, 15S) Lawrence Olsen to second
|
Batting: RHB Miguel Márquez
|
0-0: Swinging Strike 0-1: Ball 1-1: SINGLE (Groundball, 6MD) Lawrence Olsen to third Runner from 3rd tries for Home, throw and OUT! Miguel Márquez to second
|
Batting: RHB Jorge Gonzáles
|
0-0: Ball 1-0: Ball 2-0: Called Strike 2-1: Ball 3-1: Foul Ball, location: 2F 3-2: Foul Ball, location: 2F 3-2: Base on Balls
|
Batting: RHB Gil Jenkins
|
0-0: Foul Ball, location: 2F 0-1: Ball 1-1: Called Strike 1-2: Ball 2-2: Ball 3-2: Foul Ball, location: 2F 3-2: Foul Ball, location: 2F 3-2: Ground out 6-3 (Groundball, 6)
|
Bottom of the 3rd over - 0 run(s), 2 hit(s), 0 error(s), 2 left on base; Athletic Club KC 0 - Bakersfield 0 |
TOP OF THE 4TH |
Athletic Club KC Reserves batting - Pitching for Bakersfield Nobles : RHP Nate Rogers
|
Batting: RHB Adam Hennessey
|
0-0: Called Strike 0-1: Ball 1-1: Ball 2-1: Foul Ball, location: 2F 2-2: Ball 3-2: SINGLE (Groundball, 13) (infield hit)
|
Batting: RHB Jason Dunn
|
0-0: Ball 1-0: SINGLE (Line Drive, 9S) Adam Hennessey to second
|
Batting: RHB Eddie O'Bryan
|
0-0: Called Strike 0-1: Ball 1-1: Foul Ball, location: 2F 1-2: Strikes out swinging
|
Batting: RHB Justin Miles
|
0-0: Called Strike 0-1: Ball 1-1: Fly out, F7 (Line Drive, 78M)
|
Batting: RHB Allen Murphy
|
0-0: Ball 1-0: Called Strike 1-1: Ball 2-1: SINGLE (Line Drive, 56) Adam Hennessey to third Jason Dunn to second Runner from 3rd tries for Home, SAFE, no throw or cutoff
|
Batting: LHB Kenko Ueda
|
0-0: Called Strike 0-1: Called Strike 0-2: Ball 1-2: Fly out, F8 (Flyball, 8RD)
|
Top of the 4th over - 1 run(s), 3 hit(s), 0 error(s), 2 left on base; Athletic Club KC 1 - Bakersfield 0 |
BOTTOM OF THE 4TH |
Bakersfield Nobles batting - Pitching for Athletic Club KC Reserves : RHP Chip Scott
|
Batting: RHB Tamasaburo Kato
|
0-0: Swinging Strike 0-1: SINGLE (Line Drive, 4D)
|
Batting: LHB Emery Miller
|
0-0: Foul Ball, location: 2F 0-1: Ball 1-1: Ball 2-1: Ball 3-1: Base on Balls Tamasaburo Kato to second
|
Batting: LHB Bartolo Benítez
|
0-0: Ball 1-0: DOUBLE (Groundball, 5L) Tamasaburo Kato scores Emery Miller to third
|
Batting: RHB Juan Alba
|
0-0: Ground out 5-3 (Groundball, 5)
|
Batting: RHB Lawrence Olsen
|
0-0: Swinging Strike 0-1: Swinging Strike 0-2: SINGLE (Groundball, 56D) Emery Miller scores Bartolo Benítez to third Runner from 3rd tries for Home, SAFE, no throw or cutoff
|
Batting: RHB Ron Gérard
|
0-0: Ball 1-0: Ball 2-0: Fly out, F9 (Line Drive, 89M)
|
Batting: RHB Miguel Márquez
|
0-0: Ball 1-0: Fly out, F9 (Flyball, 9M)
|
Bottom of the 4th over - 3 run(s), 3 hit(s), 0 error(s), 1 left on base; Athletic Club KC 1 - Bakersfield 3 |
TOP OF THE 5TH |
Athletic Club KC Reserves batting - Pitching for Bakersfield Nobles : RHP Nate Rogers
|
Batting: RHB Karl Stevens
|
0-0: Ball 1-0: Foul Ball, location: 2F 1-1: SINGLE (Line Drive, 34)
|
Batting: LHB Rafael García
|
0-0: Called Strike Karl Stevens steals 2nd base 0-1: Ground out 4-3 (Groundball, 4) Karl Stevens to third
|
Batting: RHB Robert Hill
|
0-0: Ground out 3-1 (Groundball, 34) Karl Stevens scores
|
Batting: RHB Adam Hennessey
|
0-0: Foul Ball, location: 2F 0-1: Ball 1-1: Called Strike 1-2: Ball 2-2: Ball 3-2: Foul Ball, location: 2F 3-2: Foul Ball, location: 2F 3-2: Foul Ball, location: 2F 3-2: Base on Balls
|
Batting: RHB Jason Dunn
|
0-0: Called Strike Adam Hennessey steals 2nd base 0-1: Ground out 6-3 (Groundball, 6)
|
Top of the 5th over - 1 run(s), 1 hit(s), 0 error(s), 1 left on base; Athletic Club KC 2 - Bakersfield 3 |
BOTTOM OF THE 5TH |
Bakersfield Nobles batting - Pitching for Athletic Club KC Reserves : RHP Chip Scott
|
Batting: RHB Jorge Gonzáles
|
0-0: Called Strike 0-1: Foul Ball, location: 2F 0-2: Ball 1-2: Ball 2-2: Strikes out swinging
|
Batting: RHB Gil Jenkins
|
0-0: Ball 1-0: Called Strike 1-1: Called Strike 1-2: Foul Ball, location: 2F 1-2: Ball 2-2: Ball 3-2: Reached on error, E5 (Groundball, 56S)
|
Batting: RHB Tamasaburo Kato
|
0-0: Swinging Strike 0-1: Foul Ball, location: 2F 0-2: DOUBLE (Line Drive, 78M) Gil Jenkins scores
|
Batting: LHB Emery Miller
|
0-0: Ball 1-0: Swinging Strike 1-1: Swinging Strike 1-2: Ball 2-2: Ground out 6-3 (Groundball, 6M) Tamasaburo Kato to third
|
Batting: LHB Bartolo Benítez
|
0-0: Ball 1-0: 2-RUN HOME RUN (Flyball, 7D), Distance : 392 ft
|
Pitching: LHP Stanley Anderson
|
|
Batting: RHB Juan Alba
|
0-0: Ground out 5-3 (Groundball, 56S)
|
Bottom of the 5th over - 3 run(s), 2 hit(s), 1 error(s), 0 left on base; Athletic Club KC 2 - Bakersfield 6 |
TOP OF THE 6TH |
Athletic Club KC Reserves batting - Pitching for Bakersfield Nobles : RHP Nate Rogers
|
Batting: RHB Eddie O'Bryan
|
0-0: Ball 1-0: Ball 2-0: Ball 3-0: Base on Balls
|
Batting: RHB Justin Miles
|
0-0: Ball 1-0: Ball 2-0: Called Strike 2-1: Called Strike 2-2: Fly out, F6 (Popup, 6M)
|
Batting: RHB Allen Murphy
|
0-0: Ball 1-0: Foul Ball, location: 2F 1-1: Ball 2-1: Ball 3-1: Foul Ball, location: 2F 3-2: Strikes out swinging
|
Batting: LHB Kenko Ueda
|
0-0: Ball Wild Pitch! Eddie O'Bryan to second 1-0: Called Strike 1-1: Ball 2-1: Swinging Strike 2-2: Ball 3-2: Fly out, F8 (Flyball, 8RXD)
|
Top of the 6th over - 0 run(s), 0 hit(s), 0 error(s), 1 left on base; Athletic Club KC 2 - Bakersfield 6 |
BOTTOM OF THE 6TH |
Bakersfield Nobles batting - Pitching for Athletic Club KC Reserves : LHP Stanley Anderson
|
Batting: RHB Lawrence Olsen
|
0-0: Ball 1-0: Fly out, F4 (Popup, 4D)
|
Batting: RHB Ron Gérard
|
0-0: Called Strike 0-1: Ball 1-1: Foul Ball, location: 2F 1-2: Ground out 1-3 (Groundball, 3S)
|
Batting: RHB Miguel Márquez
|
0-0: Swinging Strike 0-1: Foul Ball, location: 2F 0-2: Ball 1-2: Ball 2-2: Foul Ball, location: 2F 2-2: Ground out 5-3 (Groundball, 56S)
|
Bottom of the 6th over - 0 run(s), 0 hit(s), 0 error(s), 0 left on base; Athletic Club KC 2 - Bakersfield 6 |
TOP OF THE 7TH |
Athletic Club KC Reserves batting - Pitching for Bakersfield Nobles : RHP Nate Rogers
|
Batting: RHB Karl Stevens
|
0-0: Called Strike 0-1: Ball 1-1: Ball 2-1: Ball 3-1: SINGLE (Line Drive, 6MD)
|
Batting: LHB Rafael García
|
0-0: Swinging Strike 0-1: Ball 1-1: Ground out U3 (Groundball, 3S) Karl Stevens to second
|
Batting: RHB Robert Hill
|
0-0: Swinging Strike 0-1: Swinging Strike 0-2: Ball 1-2: Ball 2-2: Ball 3-2: Fly out, F9 (Line Drive, 9LM)
|
Batting: RHB Adam Hennessey
|
0-0: Ball 1-0: Fly out, F8 (Flyball, 8LM)
|
Top of the 7th over - 0 run(s), 1 hit(s), 0 error(s), 1 left on base; Athletic Club KC 2 - Bakersfield 6 |
BOTTOM OF THE 7TH |
Bakersfield Nobles batting - Pitching for Athletic Club KC Reserves : LHP Stanley Anderson
|
Batting: RHB Jorge Gonzáles
|
0-0: Ball 1-0: Ground out 4-3 (Groundball, 4)
|
Batting: RHB Gil Jenkins
|
0-0: Called Strike 0-1: Foul Ball, location: 2F 0-2: Ball 1-2: Strikes out looking
|
Batting: RHB Tamasaburo Kato
|
0-0: Foul Ball, location: 2F 0-1: Ball 1-1: Ball 2-1: Swinging Strike 2-2: Strikes out swinging
|
Bottom of the 7th over - 0 run(s), 0 hit(s), 0 error(s), 0 left on base; Athletic Club KC 2 - Bakersfield 6 |
TOP OF THE 8TH |
Athletic Club KC Reserves batting - Pitching for Bakersfield Nobles : RHP Nate Rogers
|
Batting: RHB Jason Dunn
|
0-0: Ball 1-0: Ball 2-0: Called Strike 2-1: Swinging Strike 2-2: Strikes out looking
|
Batting: RHB Eddie O'Bryan
|
0-0: Called Strike 0-1: Foul Ball, location: 2F 0-2: Ball 1-2: Ground out 5-3 (Groundball, 56)
|
Batting: RHB Justin Miles
|
0-0: Called Strike 0-1: Ball 1-1: Foul Ball, location: 2F 1-2: SINGLE (Groundball, 6MD)
|
Pitching: RHP Jim Unknown
|
|
Batting: RHB Allen Murphy
|
0-0: Foul Ball, location: 2F 0-1: Swinging Strike 0-2: Fly out, F8 (Flyball, 8LD)
|
Top of the 8th over - 0 run(s), 1 hit(s), 0 error(s), 1 left on base; Athletic Club KC 2 - Bakersfield 6 |
BOTTOM OF THE 8TH |
Bakersfield Nobles batting - Pitching for Athletic Club KC Reserves : LHP Stanley Anderson
|
Batting: LHB Emery Miller
|
0-0: Ball 1-0: Called Strike 1-1: Ball 2-1: Foul Ball, location: 2F 2-2: Ball 3-2: Base on Balls
|
Batting: LHB Bartolo Benítez
|
0-0: SINGLE (Line Drive, 8RS) Emery Miller to second
|
Batting: RHB Juan Alba
|
0-0: Bunt missed! 0-1: Bunt missed! 0-2: Foul Ball, location: 2F 0-2: Strikes out looking
|
Batting: RHB Lawrence Olsen
|
0-0: Ball 1-0: Ball 2-0: Ball 3-0: Called Strike 3-1: SINGLE (Groundball, 6M) Emery Miller to third Bartolo Benítez to second Runner from 3rd tries for Home, SAFE, no throw or cutoff
|
Batting: RHB Ron Gérard
|
0-0: Fly out, F9 (Popup, 9S)
|
Batting: RHB Miguel Márquez
|
0-0: Called Strike 0-1: Ball 1-1: Ball 2-1: Fly out, F5 (Line Drive, 5L)
|
Bottom of the 8th over - 1 run(s), 2 hit(s), 0 error(s), 2 left on base; Athletic Club KC 2 - Bakersfield 7 |
TOP OF THE 9TH |
Athletic Club KC Reserves batting - Pitching for Bakersfield Nobles : RHP Jim Unknown
|
Batting: LHB Kenko Ueda
|
0-0: Called Strike 0-1: Called Strike 0-2: Ball 1-2: Strikes out swinging
|
Batting: RHB Karl Stevens
|
0-0: Called Strike 0-1: Ball 1-1: Ball 2-1: Foul Ball, location: 2F 2-2: Ball 3-2: Ground out 5-3 (Groundball, 5S)
|
Batting: LHB Rafael García
|
0-0: Ball 1-0: Ball 2-0: Foul Ball, location: 2F 2-1: Ball 3-1: Fly out, F3 (Popup, 4S)
|
Top of the 9th over - 0 run(s), 0 hit(s), 0 error(s), 0 left on base; Athletic Club KC 2 - Bakersfield 7 |
|